 Dungeon Crawl Stone Soup version 0.26-a0-812-g31a745ddcd (webtiles) character file.

Game seed: 17380629888932556259

519 Azzok the Chopper (level 7, 45/52 HPs)
             Began as a Demonspawn Berserker on Nov 13, 2020.
             Was a Priest of Trog.
             Quit the game on level 5 of the Dungeon on Nov 15, 2020.
             The game lasted 00:07:47 (4274 turns).

Azzok the Chopper (Demonspawn Berserker)            Turns: 4274, Time: 00:07:48

Health: 45/52      AC: 13    Str: 19    XL:     7   Next: 1%
Magic:  7/7        EV: 10    Int:  8    God:    Trog [***...]
Gold:   172        SH:  0    Dex: 13    Spells: 6/6 levels left

rFire    . . .     SeeInvis +   t - +0 war axe
rCold    . . .     Faith    +   (no shield)
rNeg     . . .     Spirit   .   c - +5 scale mail "Geots" {MR+}
rPois    .         Reflect  .   r - +0 helmet
rElec    .         Harm     .   (no cloak)
rCorr    .         Rampage  .   (no gloves)
MR       +....                  o - +0 pair of boots
Stlth    ..........             d - amulet of faith
HPRegen  0.17/turn              v - ring of see invisible
MPRegen  0.10/turn              (no ring)

@: no status effects
A: claws 2, demonic guardian 1, spiny 2
a: Berserk, Trog's Hand, Renounce Religion


You were on level 5 of the Dungeon.
You worshipped Trog.
Trog was most pleased with you.
You visited 1 branch of the dungeon, and saw 5 of its levels.

You collected 172 gold pieces.

Inventory:

Hand Weapons
 a - a +0 hand axe
 t - a +0 war axe (weapon)
Armour
 c - the +5 scale mail "Geots" (worn) {MR+}
   (You found it on level 5 of the Dungeon)

   It affects your resistance to hostile enchantments.
 o - a +0 pair of boots (worn)
 r - a +0 helmet (worn)
Jewellery
 d - an amulet of faith (around neck)
 v - a ring of see invisible (left claw)
Wands
 u - a wand of iceblast (5)
Scrolls
 e - 3 scrolls of remove curse
 f - a scroll of identify
 j - 2 scrolls of teleportation {unknown}
 l - a scroll of noise {unknown}
 m - a scroll of enchant weapon {unknown}
 n - a scroll of blinking {unknown}
 p - a scroll of enchant armour {unknown}
Potions
 b - a potion of invisibility {unknown}
 h - 2 potions of curing {unknown}
 k - a potion of heal wounds {unknown}
 q - a potion of berserk rage {unknown}
 s - 2 potions of degeneration {unknown}


   Skills:
 - Level 3.0 Fighting
 + Level 7.3 Axes
 - Level 1.7 Armour
 - Level 1.7 Dodging


You had 6 spell levels left.
You didn't know any spells.
Your spell library was empty.

Dungeon Overview and Level Annotations

Branches:
Dungeon (5/15)
 Temple: D:4-7

Altars:
Hepliaklqana
Kikubaaqudgha

Shops:
D:4 ([


Innate Abilities, Weirdness & Mutations

You have very sharp fingernails.
A weak demonic guardian rushes to your aid.
You are mostly covered in sharp spines.


Message History

You closely miss Blork the orc.
Blork the orc is severely wounded.
Blork the orc misses you.
Blork the orc hits you but does no damage.
You hit Blork the orc but do no damage.
Blork the orc is severely wounded.
Blork the orc barely misses you.
You hit Blork the orc.
Blork the orc is almost dead.
Blork the orc points at you and mumbles some strange words.
The puff of frost misses you. Blork the orc is struck by your spines.
You kill Blork the orc!
Trog accepts your kill.
Trog appreciates your killing of a magic user.
You have reached level 7!
Your demonic ancestry asserts itself...
You feel the presence of a demonic guardian.
Things that are here:
a +0 glaive; a +2 robe; the orc corpse of Blork the orc Are you sure you want to abandon this character and quit the game? (Confirm with "yes".)

▒▒▒▒····▒·▒
▒···▒▒·▒▒
▒▒▒▒ ▒··▒
▒▒·▒▒ ▒··▒
▒▒·▒ ▒·▒
▒▒·▒ ▒·@♣
▒···♣ ▒····
▒·)···
▒▒≈≈≈≈·
▒♣≈♣≈≈≈
▒▒≈♣≈P≈ ▒
♣≈≈♣


There were no monsters in sight!

Vanquished Creatures
  Edmund (D:5)
  Blork the orc (D:5)
  A scorpion (D:2)
  A hound (D:4)
  An orc wizard (D:4)
  A worker ant (D:4)
  4 gnolls (D:4)
  6 adders
  2 worms (D:2)
  A dart slug (D:3)
  3 leopard geckos
  8 orcs
  2 ball pythons
  12 giant cockroaches
  2 goblins
  12 hobgoblins
  6 jackals (D:2)
  7 kobolds
  4 quokkas
  9 bats
  9 frilled lizards
  8 rats
101 creatures vanquished.

Notes
Turn   | Place    | Note
-------+----------+-------------------------------------------
     0 | D:1      | Azzok the Demonspawn Berserker began the quest for the Orb.
     0 | D:1      | Reached XP level 1. HP: 18/18 MP: 1/1
    42 | D:1      | Reached skill level 3 in Axes
   336 | D:1      | Gained mutation: You are partially covered in sharp spines.
                  | [demonic ancestry]
   336 | D:1      | Reached XP level 2. HP: 19/24 MP: 2/2
  1231 | D:2      | Gained mutation: You have sharp fingernails. [demonic
                  | ancestry]
  1231 | D:2      | Reached XP level 3. HP: 19/29 MP: 3/3
  1242 | D:2      | Reached ** piety under Trog
  1242 | D:2      | Reached skill level 4 in Axes
  1751 | D:2      | Noticed a scorpion
  1763 | D:2      | Killed a scorpion
  1763 | D:2      | Gained mutation: You are mostly covered in sharp spines.
                  | [demonic ancestry]
  1763 | D:2      | Reached XP level 4. HP: 25/35 MP: 4/4
  1922 | D:2      | Reached skill level 5 in Axes
  2467 | D:3      | Gained mutation: You have very sharp fingernails. [demonic
                  | ancestry]
  2467 | D:3      | Reached XP level 5. HP: 37/41 MP: 5/5
  2608 | D:3      | Reached *** piety under Trog
  2709 | D:3      | Upgraded the game from 0.26-a0-712-ga5a9c9c9d0 to
                  | 0.26-a0-812-g31a745ddcd
  2743 | D:3      | Found a hazy altar of Hepliaklqana.
  3233 | D:4      | Reached skill level 6 in Axes
  3306 | D:4      | Found Toqion Hihu's Armour Shoppe.
  3427 | D:4      | Found Sasig's Weapon Shop.
  3431 | D:4      | Reached XP level 6. HP: 47/47 MP: 6/6
  3541 | D:4      | Found an ancient bone altar of Kikubaaqudgha.
  4019 | D:5      | Entered Level 5 of the Dungeon
  4066 | D:5      | Got an ichor-stained dagger
  4070 | D:5      | Identified the +0 dagger of Modesty {holy, MP+9 Int+2
                  | Dex+3} (You found it on level 5 of the Dungeon)
  4094 | D:5      | Noticed Edmund
  4101 | D:5      | Killed Edmund
  4101 | D:5      | Reached skill level 7 in Axes
  4194 | D:5      | Got a dazzling scale mail
  4195 | D:5      | Identified the +5 scale mail "Geots" {MR+} (You found it on
                  | level 5 of the Dungeon)
  4259 | D:5      | Noticed Blork the orc
  4272 | D:5      | Killed Blork the orc
  4272 | D:5      | Gained mutation: A weak demonic guardian rushes to your
                  | aid. [demonic ancestry]
  4272 | D:5      | Reached XP level 7. HP: 44/52 MP: 7/7
  4274 | D:5      | Quit the game

Illustrated notes

Levels and vault maps discovered:
D:1:      dpeg_arrival_water_temple_mockup, layout_loops_ring
D:2:      wander_river, layout_basic
D:3:      layout_rooms, lemuel_crystal_altar, nicolae_overflow_hidden_temple,
          lemuel_another_geyser
D:4:      minmay_wonky_spiral, layout_basic, nicolae_overflow_crystal_walls,
          serial_shops, nicolae_shop_competitors_out_of_business,
          nicolae_shop_trees, kennysheep_potato
D:5:      layout_basic, serial_bayou, serial_bayou_ford_a, serial_bayou_shore_b,
          serial_bayou_shore_a, serial_bayou_shore_b, okawaru_ov_weapons_minmay,
          uniq_blork_the_orc, uniq_edmund

Skill      XL: |  1  2  3  4  5  6 |
---------------+-------------------+-----
Axes           | 3 4 5 6 7 |  7.3
Fighting       | |  3.0
Armour         | |  1.7
Dodging        | |  1.7

Action                   |  1- 3 |  4- 6 |  7- 9 || total
-------------------------+-------+-------+-------++-------
Melee: Hand axe          |   115 |   107 |       ||   222
       War axe           |       |    19 |       ||    19
Invok: Berserk           |     1 |     1 |       ||     2
  Use: Scroll            |       |     5 |       ||     5
 Stab: Sleeping          |     4 |       |       ||     4
Armor: Animal skin       |    16 |       |       ||    16
       Ring mail         |     5 |       |       ||     5
       Chain mail        |     3 |    73 |       ||    76
       Scale mail        |       |     2 |       ||     2
Dodge: Dodged            |    71 |    50 |       ||   121

Table legend: (Time is in decaauts)
 A = Elapsed time spent in this place.
 B = Non-inter-level travel time spent in this place.
 C = Inter-level travel time spent in this place.
 D = Time resting spent in this place.
 E = Time spent auto-exploring this place.
 F = Levels seen in this place.
 G = Mean time per level.
                   A        B        C        D        E       F      G
               +--------+--------+--------+--------+--------+-----+--------+
         Total |   4340 |   4229 |    111 |    518 |   2945 |   5 |  868.0 |
       Dungeon |   4340 |   4229 |    111 |    518 |   2945 |   5 |  868.0 |
               +--------+--------+--------+--------+--------+-----+--------+

Top non-repeatable levels by time:
     D:1: 1225 daAuts
     D:2: 1213 daAuts
     D:4: 975 daAuts
     D:3: 669 daAuts
     D:5: 257 daAuts
